 Dungeon Crawl Stone Soup version 0.18-a0-1014-g3bbf375 (webtiles) character file.

195 graki42 the Slinger (level 6, -7/39 HPs)
             Began as a Halfling Hunter on Jan 7, 2016.
             Mangled by an orc warrior
             ... wielding a +0 trident
              (21 damage)
             ... on level 3 of the Dungeon.
             The game lasted 00:08:30 (2098 turns).

graki42 the Slinger (Halfling Hunter)               Turns: 2098, Time: 00:08:31

Health: -7/39      AC:  4    Str: 12    XL:     6   Next: 4%
Magic:  6/6        EV: 15    Int: 10    God:
Gold:   128        SH:  0    Dex: 17    Spells: 0 memorised, 5 levels left

rFire  + . .     SeeInvis .     m - +2 dagger (venom)
rCold  . . .     Gourm    .     c - +0 leather armour
rNeg   . . .     Faith    .     (shield restricted)
rPois  +         Spirit   .     (no helmet)
rElec  .         Dismiss  .     (no cloak)
rCorr  .         Reflect  .     n - +0 pair of gloves (curse)
SustAt .         Harm     .     (no boots)
MR     .....                    (no amulet)
Stlth  ++........               A - ring of protection from fire
                                i - ring of poison resistance

@: not resistant to hostile enchantments, unstealthy
A: mutation resistance 1
a: no special abilities


You were on level 3 of the Dungeon.
You were not hungry.

You visited 1 branch of the dungeon, and saw 3 of its levels.

You collected 128 gold pieces.

Inventory:

Hand Weapons
 a - a +1 hunting sling
 b - a +0 short sword
 m - a +2 dagger of venom (weapon)
Missiles
 d - 46 sling bullets
 e - 131 stones (quivered)
Armour
 c - a +0 leather armour (worn)
 n - a cursed +0 pair of gloves (worn)
 z - a +0 cloak
Jewellery
 g - an uncursed ring of ice
 h - an uncursed ring of see invisible
 i - a ring of poison resistance (left hand)
 y - an uncursed ring of wizardry
 A - a ring of protection from fire (right hand)
Scrolls
 j - 4 scrolls of identify {unknown}
 k - 2 scrolls of teleportation {unknown}
 p - a scroll of enchant armour {unknown}
 q - a scroll of amnesia {unknown}
 w - a scroll of noise {unknown}
 x - a scroll of fear {unknown}
Potions
 o - a potion of poison {unknown}
 s - a potion of curing {unknown}
 t - a potion of agility {unknown}
 u - 2 potions of brilliance {unknown}
Comestibles
 f - a bread ration
 l - a beef jerky
 r - a slice of pizza
 v - 2 meat rations


   Skills:
 + Level 2.0 Fighting
 + Level 0.6 Short Blades
 + Level 9.2 Slings
 + Level 0.9 Armour
 + Level 2.7 Dodging
 + Level 1.1 Stealth


You had 5 spell levels left.
You didn't know any spells.

Dungeon Overview and Level Annotations

Branches:
Dungeon (3/15)

Altars:
Ashenzari
Dithmenos
Pakellas
Qazlal


Innate Abilities, Weirdness & Mutations

You are small and have problems with some larger weapons.
You are somewhat resistant to further mutation.


Message History

You shoot a sling bullet.
The sling bullet hits the orc warrior but does no damage.
The orc warrior is moderately wounded.
The orc warrior hits you from afar with a trident!!
Wield which item (- for none, * to show all)? (? for menu, Esc to quit)
It begins to drip with poison!
m - a +2 dagger of venom (weapon)
The orc warrior closely misses you.
You closely miss the orc warrior.
The orc warrior is moderately wounded.
The orc warrior closely misses you.
You closely miss the orc warrior.
The orc warrior is moderately wounded.
The orc warrior hits you with a trident.
You hit the orc warrior but do no damage.
The orc warrior is poisoned.
The orc warrior is moderately wounded.
The orc warrior hits you with a trident!!
Ouch! That really hurt!
You die...

...........#.#
########...#.#
## #)..#.# .
#...#.# ##
#.#...#.#
....#.#...#
#.....[)#
#...#.#.#
#...#.#@#
#...#.#o#
.###...#.#o#
...o...#...#
.......#o#.#
........(..#
####.#.#.###
)......
#.#.#.#.#


You could see an orc warrior and an orc.

Vanquished Creatures
  A hound (D:3)
  An orc priest (D:3)
  An orc wizard (D:3)
  Robin (D:2)
  A gnoll (D:1)
  3 adders
  4 giant cockroaches (D:1)
  13 goblins
  3 hobgoblins (D:2)
  2 jackals (D:2)
  12 kobolds
  3 ball pythons
  9 bats
  A giant newt (D:1)
  10 rats
65 creatures vanquished.

Notes
Turn   | Place    | Note
--------------------------------------------------------------
     0 | D:1      | graki42 the Halfling Hunter began the quest for the Orb.
     0 | D:1      | Reached XP level 1. HP: 14/14 MP: 1/1
    91 | D:1      | Reached skill level 6 in Slings
   132 | D:1      | Reached XP level 2. HP: 17/19 MP: 2/2
   616 | D:1      | Reached XP level 3. HP: 24/24 MP: 3/3
  1002 | D:2      | Reached skill level 7 in Slings
  1111 | D:2      | Found a shadowy altar of Dithmenos.
  1131 | D:2      | Reached XP level 4. HP: 29/29 MP: 4/4
  1322 | D:2      | Noticed Robin
  1336 | D:2      | Killed Robin
  1661 | D:2      | Found an oddly glowing altar of Pakellas.
  1664 | D:2      | Found a shattered altar of Ashenzari.
  1673 | D:2      | Found a stormy altar of Qazlal.
  1946 | D:2      | Reached XP level 5. HP: 34/34 MP: 5/5
  2021 | D:3      | Reached skill level 8 in Slings
  2054 | D:3      | Reached skill level 9 in Slings
  2054 | D:3      | Reached XP level 6. HP: 33/39 MP: 6/6
  2080 | D:3      | Noticed an orc warrior
  2098 | D:3      | Mangled by an orc warrior

Vault maps used:
D:1:      dpeg_arrival_prison
D:2:      minitemple, nicolae_dithmenos_through_a_glass_darkly, uniq_robin
D:3:      first_bread, uniq_natasha

Action                   |  1- 3 |  4- 6 || total
-------------------------+-------+-------++-------
Melee: Short sword       |    21 |       ||    21
       Dagger            |       |     3 ||     3
 Fire: Hunting sling     |    70 |    92 ||   162
  Eat: Chunk             |       |     3 ||     3
